 Dungeon Crawl Stone Soup version 0.18.1-48-g4cf74bf (console) character file.

34540 Kloppie the Fighter (level 13, -15/125 HPs)
             Began as a Centaur Berserker on Sept 5, 2016.
             Was a High Priest of Trog.
             Demolished by a polar bear (23 damage)
             ... in an ice cave on Sept 10, 2016.
             The game lasted 00:32:16 (21355 turns).

Kloppie the Fighter (Centaur Berserker)            Turns: 21355, Time: 00:32:16

Health: -15/125    AC: 22    Str: 20    XL:     13   Next: 42%
Magic:  13/13      EV:  4    Int:  6    God:    Trog [*****.]
Gold:   1101       SH:  2    Dex: 14    Spells: 0 memorised, 12 levels left

rFire  . . .     SeeInvis .     a - +3 trident (protect)
rCold  + . .     Gourm    .     z - +0 plate armour
rNeg   . . .     Faith    .     (no shield)
rPois  .         Spirit   .     w - +1 helmet
rElec  .         Dismiss  .     (no cloak)
rCorr  .         Reflect  +     B - +0 pair of gloves
SustAt .         Harm     .     (no barding)
MR     .....                    e - +2 amulet of reflection
Stlth  ..........               K - ring of protection from cold
                                J - +3 ring of protection

@: exhausted, slowed, not resistant to hostile enchantments, extremely
unstealthy
A: hooves 3, deformed body, speed 2, regeneration 1, tough skin 3
a: Berserk, Trog's Hand, Brothers in Arms, Burn Spellbooks, Renounce Religion


You were in an ice cave.
You worshipped Trog.
Trog was extremely pleased with you.
You were not hungry.

You visited 2 branches of the dungeon, and saw 16 of its levels.
You also visited: Ossuary and Ice Cave.

You collected 1101 gold pieces.

Inventory:

Hand Weapons
 a - a +3 trident of protection (weapon)
 M - a +0 trident
Armour
 w - a +1 helmet (worn)
 z - a +0 plate armour (worn)
 B - a +0 pair of gloves (worn)
Jewellery
 e - a +2 amulet of reflection (around neck)
 s - an uncursed ring of ice
 A - an uncursed ring of see invisible
 J - a +3 ring of protection (left hand)
 K - a ring of protection from cold (right hand)
Wands
 b - a wand of iceblast (8/15)
 j - a wand of digging (23/24)
 x - a wand of polymorph (16/24)
 L - a wand of slowing (21/48)
 Q - a wand of flame (21/48)
 S - a wand of random effects (30/48)
Scrolls
 d - 2 scrolls of blinking
 g - 9 scrolls of teleportation
 i - 3 scrolls of enchant weapon
 r - 3 scrolls of fog
 v - 7 scrolls of remove curse
 y - 4 scrolls of enchant armour
 E - 2 scrolls of recharging
 H - 4 scrolls of identify
Potions
 h - a potion of cancellation
 l - a potion of invisibility
 m - a potion of heal wounds
 n - a potion of ambrosia
 p - 4 potions of cure mutation
 q - 12 potions of curing
 u - a potion of resistance
 D - a potion of haste
 F - 2 potions of flight
 G - 2 potions of brilliance
 I - 2 potions of might {unknown}
 P - 4 potions of agility {unknown}
 R - a potion of berserk rage {unknown}
Books
 o - a book of Conjurations

   Spells                             Type                      Level
   a - Magic Dart                     Conjuration                  1
   b - Searing Ray                    Conjuration                  2
   c - Dazzling Spray                 Conjuration/Hexes            3
   d - Fulminant Prism                Conjuration/Hexes            4
   e - Iskenderun's Mystic Blast      Conjuration                  4
   f - Iskenderun's Battlesphere      Conjuration/Charms           5
   Trog disapproves of the use of such an item.
Comestibles
 c - 4 bread rations
 k - 8 meat rations
 t - 21 fruits
 C - 8 beef jerkies
 N - 7 royal jellies


   Skills:
 + Level 14.6 Fighting
 - Level 14.0 Polearms
 - Level 7.1 Armour
 - Level 1.3 Dodging


You had 12 spell levels left.
You didn't know any spells.

Dungeon Overview and Level Annotations

Branches:
Dungeon (11/15)            Temple (0/1) D:5            Lair (5/8) D:11
  Swamp (0/4) Lair:5
  Snake: Lair:3-6    Spider: Lair:3-6       Orc: D:9-12

Altars:
Ashenzari
Kikubaaqudgha
Nemelex Xobeh
Pakellas
Qazlal
Ru
Trog
Xom
The Shining One

Shops:
D:6 %   D:7 (}


Innate Abilities, Weirdness & Mutations

You have hooves in place of feet.
Armour fits poorly on your strangely shaped body.
You cover ground very quickly.
You have extremely tough skin (AC +3).
Your natural rate of healing is unusually fast.


Message History

* * * LOW HITPOINT WARNING * * *
The polar bear claws you.
* * * LOW HITPOINT WARNING * * *
The polar bear claws you but does no damage.
The polar bear bites you but does no damage.
The polar bear claws you but does no damage. x2
You barely miss the polar bear. Your kick misses the polar bear.
The polar bear is almost dead.
The polar bear bites you!
* * * LOW HITPOINT WARNING * * *
The polar bear claws you but does no damage. x2
Drink which item? (? for menu, Esc to quit)
You feel much better.
The polar bear bites you but does no damage.
The polar bear claws you but does no damage. x2
The polar bear bites you!!
* * * LOW HITPOINT WARNING * * *
The polar bear claws you but does no damage. x2
The polar bear bites you!!
You die... .h.
C.h

# .h# ### ..# ###.. ..## #...#
..## ≈ ##..# #..##≈≈≈####.###
####)###≈≈≈##§.#### ###
###.@h.#≈≈≈≈≈≈##...##
###.#####..####≈≈≈≈≈≈≈≈#§§###
###§§#.##..####≈≈≈≈≈≈≈≈≈≈###§.#
#..####..####[#.##≈≈≈≈≈≈≈# ###.
###..# #######..##≈≈≈≈≈≈≈# ##
##...## ###....### ≈#≈≈≈## ###
#..⌠..###...#....######≈≈≈#####.#
##...###..####.....##..##≈≈##†#..
##......## ##......######≈÷#...


You could see a polar bear (berserk).

Vanquished Creatures
  Gastronok (Lair:1)
  A frost giant (IceCv)
  3 hydras
  A death yak (IceCv)
  3 hill giants (D:11)
  An ugly thing (D:11)
  A griffon (Lair:4)
  2 oklob plants (D:11)
  A black mamba (Lair:2)
  An ice statue (IceCv)
  7 spiny frogs
  A freezing wraith (D:10)
  3 komodo dragons
  5 trolls
  11 polar bears (IceCv)
  A queen bee (D:10)
  A two-headed ogre (D:8)
  A boulder beetle (Lair:4)
  7 blink frogs (Lair:2)
  A wyvern (D:11)
  A wraith (D:10)
  32 yaks
  4 humans (D:9)
  2 basilisks
  2 steam dragons
  8 water moccasins
  2 porcupines
  6 orc warriors
  2 black bears (Lair:2)
  2 ice beasts
  2 sky beasts
  2 phantoms (D:11)
  A wasp (D:9)
  4 ogres
  22 wolves
  2 centaurs
  2 necrophages
  6 crocodiles
  The ghost of Snowbuddha the Ruffian, an amateur GrMo (D:4)
  2 big kobolds
  An elf zombie (Ossuary)
  15 giant frogs
  2 gnoll sergeants
  A wyvern zombie (D:11)
  2 scorpions
  36 killer bees
  2 howler monkeys (D:8)
  The ghost of cba the Sneak, a weakling OpAs (D:3)
  3 centaur zombies (Ossuary)
  6 crimson imps
  A giant frog zombie (D:11)
  A human zombie (Ossuary)
  A quasit (D:9)
  11 orc priests
  A giant frog skeleton (D:9)
  2 hounds
  16 orc wizards
  11 iguanas
  Natasha (thrice) (D:3)
  13 worker ants
  A killer bee zombie (D:7)
  2 big kobold zombies (Ossuary)
  5 hound zombies
  3 hound skeletons
  3 mummies (Ossuary)
  A howler monkey zombie (D:8)
  A worker ant zombie (D:6)
  12 adders
  9 gnolls
  19 river rats (Lair:4)
  4 shadow imps
  12 white imps (Lair:5)
  An ooze (D:3)
  An adder skeleton (D:6)
  5 adder zombies
  A worm (D:2)
  6 dart slugs
  3 giant geckos
  59 orcs
  4 bats
  5 giant cockroaches
  8 hobgoblins
  13 jackals
  11 quokkas
  A ball python skeleton (D:5)
  A giant cockroach zombie (D:6)
  A giant gecko skeleton (D:6)
  A giant gecko zombie (D:8)
  4 giant newts
  2 gnoll zombies (Ossuary)
  9 goblins
  2 goblin zombies (Ossuary)
  A hobgoblin zombie (Ossuary)
  7 jackal zombies (Ossuary)
  19 kobolds
  4 kobold zombies (Ossuary)
  An orc zombie (Ossuary)
  4 quokka zombies
  8 rats
  3 rat zombies (Ossuary)
  A plant (D:11)
545 creatures vanquished.

Vanquished Creatures (others)
  A polar bear (IceCv)
  3 yaks (IceCv)
  A hippogriff (Lair:4)
  3 wolves (IceCv)
  A fungus (Lair:5)
9 creatures vanquished.

Grand Total: 554 creatures vanquished

Notes
Turn   | Place    | Note
--------------------------------------------------------------
     0 | D:1      | Kloppie the Centaur Berserker began the quest for the Orb.
     0 | D:1      | Reached XP level 1. HP: 19/19 MP: 1/1
   104 | D:1      | Reached XP level 2. HP: 24/26 MP: 2/2
   742 | D:2      | Reached ** piety under Trog
   742 | D:2      | Reached XP level 3. HP: 31/31 MP: 3/3
  1123 | D:2      | Found a faded altar to an unknown god.
  1363 | D:2      | Reached XP level 4. HP: 38/40 MP: 4/4
  1989 | D:3      | Noticed Natasha
  2001 | D:3      | Killed Natasha
  2014 | D:3      | Reached XP level 5. HP: 17/46 MP: 5/5
  2028 | D:3      | Noticed Natasha
  2037 | D:3      | Killed Natasha
  2209 | D:3      | Noticed cba's ghost (weakling OpAs)
  2213 | D:3      | Killed cba's ghost
  2219 | D:3      | Noticed Natasha
  2229 | D:3      | Killed Natasha
  2421 | D:3      | Reached *** piety under Trog
  2939 | D:4      | Reached skill level 5 in Fighting
  2960 | D:4      | Found a sparkling altar of Nemelex Xobeh.
  2996 | D:4      | Reached XP level 6. HP: 35/56 MP: 6/6
  3296 | D:4      | Reached skill level 5 in Polearms
  3400 | D:4      | Found a shattered altar of Ashenzari.
  3507 | D:4      | Noticed Snowbuddha's ghost (amateur GrMo)
  3522 | D:4      | Killed Snowbuddha's ghost
  3920 | D:5      | Entered Level 5 of the Dungeon
  4030 | D:5      | Reached XP level 7. HP: 62/62 MP: 7/7
  4285 | D:5      | Found a staircase to the Ecumenical Temple.
  4627 | D:5      | Found an oddly glowing altar of Pakellas.
  5025 | D:6      | Reached XP level 8. HP: 73/73 MP: 8/8
  5034 | D:6      | Reached **** piety under Trog
  5578 | D:6      | Found Haluhefo's Food Emporium.
  6254 | D:7      | Found a stormy altar of Qazlal.
  6287 | D:7      | Found Ameu's Gadget Shoppe.
  6321 | D:7      | Reached XP level 9. HP: 33/82 MP: 9/9
  6730 | D:7      | Noticed a troll
  6737 | D:7      | Killed a troll
  6801 | D:7      | Found Vexkinyw's Antique Weapon Boutique.
  6827 | D:7      | Found a sand-covered staircase.
  6831 | Ossuary  | Entered an ossuary
  7485 | D:7      | Found a shimmering altar of Xom.
  7634 | D:8      | Found a glowing golden altar of the Shining One.
  7708 | D:8      | Found an ancient bone altar of Kikubaaqudgha.
  7716 | D:8      | Reached ***** piety under Trog
  7858 | D:8      | Reached skill level 10 in Fighting
  8808 | D:8      | Found a sacrificial altar of Ru.
  8885 | D:8      | Found a bloodstained altar of Trog.
  8927 | D:9      | Reached XP level 10. HP: 69/94 MP: 10/10
  9200 | D:9      | Reached skill level 10 in Polearms
  9987 | D:10     | Entered Level 10 of the Dungeon
 11977 | D:9      | Reached skill level 5 in Armour
 12241 | D:9      | Reached XP level 11. HP: 89/101 MP: 11/11
 13272 | D:10     | Received a gift from Trog
 13936 | D:11     | Gained mutation: Your natural rate of healing is unusually fast. [potion of beneficial mutation]
 13949 | D:11     | Got a heavily jewelled robe
 13960 | D:11     | Identified the +1 robe of Nemur {-Tele rF+++ MR+++ Str-5} (You found it on level 11 of the Dungeon)
 14038 | D:11     | Noticed a hill giant
 14046 | D:11     | Killed a hill giant
 14084 | D:11     | Noticed an oklob plant
 14085 | D:11     | Noticed an oklob plant
 14341 | D:11     | Noticed a hill giant
 14348 | D:11     | Killed a hill giant
 14620 | D:11     | Noticed a hill giant
 14634 | D:11     | Killed a hill giant
 15018 | D:11     | Noticed a purple ugly thing
 15033 | D:11     | Killed a purple ugly thing
 15143 | D:11     | Found a staircase to the Lair.
 15340 | D:11     | Killed an oklob plant
 15429 | D:11     | Killed an oklob plant
 15479 | Lair:1   | Entered Level 1 of the Lair of Beasts
 15834 | Lair:1   | Noticed Gastronok
 15855 | Lair:1   | Killed Gastronok
 16002 | Lair:1   | Reached XP level 12. HP: 52/110 MP: 12/12
 16473 | Lair:1   | Noticed an eight-headed hydra
 16481 | Lair:1   | Killed an eight-headed hydra
 17870 | Lair:3   | Received a gift from Trog
 18876 | Lair:4   | Noticed a five-headed hydra
 18885 | Lair:4   | Killed a five-headed hydra
 19377 | Lair:4   | Noticed a four-headed hydra
 19393 | Lair:4   | Killed a four-headed hydra
 20134 | Lair:5   | Found a frozen archway.
 20232 | IceCv    | Entered an ice cave
 20240 | IceCv    | Reached XP level 13. HP: 103/122 MP: 13/13
 20705 | IceCv    | Received a gift from Trog
 20845 | IceCv    | Reached ****** piety under Trog
 21297 | IceCv    | Noticed a frost giant
 21322 | IceCv    | Killed a frost giant
 21354 | IceCv    | HP: 6/125 [polar bear (7)]
 21355 | IceCv    | Demolished by a polar bear

Skill      XL: |  1  2  3  4  5  6  7  8  9 10 11 12 13 |
---------------+----------------------------------------+-----
Polearms       | 3 4 5 6 8 9 11 12 14 | 14.0
Fighting       | 4 5 7 8 10 11 13 14 | 14.6
Armour         | 5 7 |  7.1
Dodging        | |  1.3

Action                   |  1- 3 |  4- 6 |  7- 9 | 10-12 | 13-15 || total
-------------------------+-------+-------+-------+-------+-------++-------
Melee: Spear             |   127 |   232 |   633 |       |       ||   992
       Kick              |    21 |    56 |   221 |   402 |   154 ||   854
       Trident           |       |       |   154 |  1433 |   375 ||  1962
Invok: Berserk           |       |     3 |    12 |    22 |     1 ||    38
       Trog's Hand       |       |     1 |     3 |     6 |     4 ||    14
Evoke: Wand              |       |     4 |       |       |       ||     4
  Use: Scroll            |       |       |     7 |    21 |       ||    28
       Potion            |       |       |       |     3 |     2 ||     5
 Stab: Distracted        |       |       |       |     2 |     1 ||     3
  Eat: Chunk             |       |    10 |    21 |    48 |     4 ||    83
       Fruit             |       |       |     2 |       |       ||     2
       Meat ration       |       |       |     1 |       |       ||     1
       Royal jelly       |       |       |       |     4 |       ||     4
       Pizza             |       |       |       |       |     1 ||     1
Armor: Animal skin       |    10 |       |       |       |       ||    10
       Scale mail        |    18 |    81 |   250 |   206 |       ||   555
       Robe              |       |       |       |   141 |       ||   141
       Chain mail        |       |       |       |    50 |       ||    50
       Plate armour      |       |       |       |   358 |   260 ||   618
Dodge: Dodged            |    31 |    70 |   214 |   419 |    58 ||   792
Block: Other             |       |       |    11 |    68 |    21 ||   100
       Reflection        |       |       |       |     2 |       ||     2
